 Dungeon Crawl Stone Soup version 0.19-b1-4-gd8a0a2a (webtiles) character file.

172 RudyRod the Shield-Bearer (level 5, -25/47 HPs)
             Began as a Minotaur Fighter on Oct 30, 2016.
             Annihilated by an ogre
             ... wielding a +0 giant club
              (28 damage)
             ... on level 4 of the Dungeon.
             The game lasted 00:07:13 (2376 turns).

RudyRod the Shield-Bearer (Minotaur Fighter)        Turns: 2376, Time: 00:07:14

Health: -25/47     AC:  7    Str: 21    XL:     5   Next: 27%
Magic:  13/13      EV:  8    Int:  5    God:
Gold:   212        SH: 10    Dex: 10    Spells: 0 memorised, 4 levels left

rFire  . . .     SeeInvis .     a - +0 long sword
rCold  . . .     Gourm    .     b - +0 scale mail
rNeg   . . .     Faith    .     c - +0 shield
rPois  .         Spirit   .     (helmet restricted)
rElec  .         Reflect  .     (no cloak)
rCorr  .         Harm     .     (no gloves)
MR     .....                    (no boots)
Stlth  ..........               (no amulet)
                                (no ring)
                                g - ring of magical power (curse)

@: no status effects
A: retaliatory headbutt, horns 2
a: no special abilities


You were on level 4 of the Dungeon.
You were not hungry.

You visited 1 branch of the dungeon, and saw 4 of its levels.

You collected 212 gold pieces.

Inventory:

Hand Weapons
 a - a +0 long sword (weapon)
 z - a +2 great sword of slicing
Armour
 b - a +0 scale mail (worn)
 c - a +0 shield (worn)
Jewellery
 g - a cursed ring of magical power (left hand)
 x - an uncursed ring of protection from magic {unknown}
Wands
 w - a wand of teleportation (1/9)
Scrolls
 e - 2 scrolls of amnesia {unknown}
 h - a scroll of fear {unknown}
 i - a scroll of enchant weapon {unknown}
 k - 3 scrolls of random uselessness {unknown}
 l - a scroll of remove curse {unknown}
 m - 2 scrolls of identify {unknown}
 o - a scroll of fog {unknown}
 s - a scroll of recharging {unknown}
 u - a scroll of enchant armour {unknown}
 y - a scroll of teleportation {unknown}
Potions
 d - a potion of might
 n - a potion of berserk rage {unknown}
 q - 2 potions of agility {unknown}
 r - a potion of lignification {unknown}
 t - a potion of degeneration {unknown}
 A - a potion of heal wounds {unknown}
Comestibles
 f - 3 bread rations
 j - a slice of pizza
 p - a royal jelly
 v - 2 meat rations


   Skills:
 + Level 4.4 Fighting
 + Level 3.7 Long Blades
 * Level 4.6 Armour
 * Level 1.3 Dodging
 * Level 5.0 Shields


You had 4 spell levels left.
You didn't know any spells.

Dungeon Overview and Level Annotations

Branches:
Dungeon (4/15)
 Temple: D:4-7

Altars:


Innate Abilities, Weirdness & Mutations

You reflexively headbutt those who attack you in melee.
You have a pair of horns on your head.


Message History

You hit the ogre but do no damage.
The ogre is heavily wounded.
Your shield prevents you from hitting the ogre.
The ogre is heavily wounded.
You block the ogre's attack.
You hit the ogre. Your headbutt misses the ogre.
The ogre is severely wounded.
You block the ogre's attack.
You completely miss the ogre.
The ogre is severely wounded.
The ogre hits you with a giant club!!
Ouch! That really hurt!
* * * LOW HITPOINT WARNING * * *
You slash the ogre!
The ogre is almost dead.
The ogre barely misses you. You furiously retaliate!
You headbutt the ogre, but do no damage.
The ogre hits you with a giant club!!
Ouch! That really hurt!
You die...

.... ... .. #.# .. #.##
#.O# #@### #...# ###.#
#.# #.# ######
#######.#########.....
......................
.............#####.......
...###..........#..#.....


You could see an ogre.

Vanquished Creatures
  A hound zombie (D:2)
  A howler monkey skeleton (D:2)
  7 adders
  An ooze (D:1)
  2 adder skeletons
  A worm (D:2)
  A dart slug (D:4)
  A leopard gecko (D:2)
  A bat skeleton (D:2)
  4 giant cockroaches
  5 goblins
  7 hobgoblins
  3 jackals (D:2)
  2 quokkas
  A ball python (D:3)
  8 bats
  6 frilled lizards
  A jackal skeleton (D:2)
  9 kobolds
  A leopard gecko skeleton (D:2)
  2 quokka skeletons (D:2)
  10 rats
  A withered plant (D:2)
76 creatures vanquished.

Notes
Turn   | Place    | Note
-------+----------+-------------------------------------------
     0 | D:1      | RudyRod the Minotaur Fighter began the quest for the Orb.
     0 | D:1      | Reached XP level 1. HP: 19/19 MP: 0/0
    89 | D:1      | Reached skill level 4 in Shields
   136 | D:1      | Reached XP level 2. HP: 23/27 MP: 1/1
   770 | D:2      | Reached XP level 3. HP: 25/33 MP: 2/2
  1095 | D:2      | Reached XP level 4. HP: 39/40 MP: 3/3
  1710 | D:3      | Reached skill level 1 in Dodging
  1773 | D:3      | Reached XP level 5. HP: 47/47 MP: 4/4
  2295 | D:4      | Reached skill level 5 in Shields
  2367 | D:4      | Noticed an ogre
  2376 | D:4      | Annihilated by an ogre

Skill      XL: |  1  2  3  4  5 |
---------------+----------------+-----
Shields        | 4 5 |  5.0
Armour         | 4 |  4.6
Fighting       | 4 |  4.4
Long Blades    | 3 |  3.7
Dodging        | 1 |  1.3

Action                   |  1- 3 |  4- 6 || total
-------------------------+-------+-------++-------
Melee: Long sword        |    89 |    87 ||   176
       Headbutt          |    18 |    11 ||    29
  Eat: Chunk             |     1 |     4 ||     5
Armor: Scale mail        |    39 |    33 ||    72
Dodge: Dodged            |    25 |    26 ||    51
Block: Shield            |    35 |    53 ||    88
       Rpst.: Long sword |     7 |     7 ||    14
